 Dungeon Crawl Stone Soup version 0.29.1-1-gd02db69 (webtiles) character file.

Game seed: 11559092026602563179

18 bonegar the Magician (level 2, -1/24 HPs)
             Began as a Troll Hedge Wizard on Mar 14, 2023.
             Slain by a gnoll
             ... wielding a +0 club
              (3 damage)
             ... on level 2 of the Dungeon.
             The game lasted 00:05:12 (1260 turns).

bonegar the Magician (Troll Hedge Wizard)           Turns: 1260, Time: 00:05:13

Health: -1/24      AC:  5    Str: 17    XL:     2   Next: 48%
Magic:  1/4        EV:  9    Int: 10    God:
Gold:   116        SH:  0    Dex:  9    Spells: 4/5 levels left

rFire   . . .      SeeInvis .   q - +0 flail
rCold   . . .      Faith    .   (no shield)
rNeg    . . .      Spirit   .   b - +0 robe
rPois   .          Reflect  .   c - +0 hat
rElec   .          Harm     .   o - +0 cloak
rCorr   .          Rampage  .   (gloves unavailable)
Will    .....                   (boots unavailable)
Stlth   +.........              (no amulet)
HPRegen 0.88/turn               (no ring)
MPRegen 0.09/turn               (no ring)

@: very slightly contaminated
A: large, unfitting armour, claws 3, regeneration 1, shaggy fur 1, tough skin 1
a: no special abilities


You were on level 2 of the Dungeon.
You visited 1 branch of the dungeon, and saw 2 of its levels.

You collected 116 gold pieces.

Inventory:

Hand Weapons
 a - a +0 dagger
 e - a +1 dagger of electrocution
 q - a +0 flail (weapon)
Missiles
 p - 2 poisoned darts
Armour
 b - a +0 robe (worn)
 c - a +0 hat (worn)
 f - a +2 pair of boots
 j - a +0 helmet
 o - a +0 cloak (worn)
Jewellery
 k - a ring of ice
Scrolls
 m - a scroll of butterflies {unknown}
 n - 2 scrolls of identify {unknown}
 r - a scroll of noise {unknown}
Potions
 d - a potion of magic
 g - 2 potions of attraction {unknown}
 h - a potion of mutation {unknown}
 i - 2 potions of flight {unknown}
 l - a potion of brilliance {unknown}


   Skills:
 + Level 1.9 Dodging
 + Level 1.1 Stealth
 + Level 2.3 Spellcasting
 + Level 0.6 Conjurations
 + Level 0.6 Summonings
 + Level 0.6 Translocations


You had 4 spell levels left.
You knew the following spells:

 Your Spells              Type           Power      Damage    Failure   Level
a - Magic Dart            Conj           8%         1d3       24%         1

Your spell library contained the following spells:

 Spells                   Type           Power      Damage    Failure   Level
 Beastly Appendage        Tmut           2%         N/A       30%         1
 Slow                     Hex            4%         N/A       30%         1
 Blink                    Tloc           4%         N/A       34%         2
 Call Imp                 Summ           2%         N/A       34%         2
 Wereblood                Tmut           1%         N/A       43%         2
 Conjure Flame            Conj/Fire      1%         6-21      63%         3
 Mephitic Cloud           Conj/Pois/Air  1%         N/A       63%         3
 Spider Form              Tmut/Pois      1%         N/A       67%         3


Dungeon Overview and Level Annotations

Branches:
Dungeon (2/15)

Altars:


Innate Abilities, Weirdness & Mutations

You are too large for most types of armour.
You have claws for hands.
Your natural rate of healing is unusually fast.
You are covered in fur. (AC +1)
You have tough skin. (AC +1)


Message History

The gnoll is moderately wounded.
Casting: Magic Dart (safe; 24% risk of failure)
Confirm with . or Enter, or press ? or * to list all spells.
Aiming: Magic Dart (safe; 24% risk of failure)
Press: ? - help, Shift-Dir - straight line, f/p - gnoll
Aim: a gnoll, wielding a +0 whip (moderately wounded, 100% to hit)
You miscast Magic Dart.
You are very lightly contaminated with residual magic.
Nothing appears to happen.
A gnoll comes into view. It is wielding a +0 club.
Casting: Magic Dart (safe; 24% risk of failure)
Confirm with . or Enter, or press ? or * to list all spells.
Aiming: Magic Dart (safe; 24% risk of failure)
Press: ? - help, Shift-Dir - straight line, f/p - gnoll
Aim: a gnoll, wielding a +0 whip (moderately wounded, 100% to hit)
You miscast Magic Dart.
Nothing appears to happen.
The gnoll shouts!
The gnoll closely misses you.
You closely miss the gnoll.
The gnoll is moderately wounded.
You hit the gnoll but do no damage.
The gnoll is moderately wounded.
The gnoll throws a throwing net.
The throwing net hits you.
You become entangled in the net!
The gnoll hits you with a +0 whip. x2
You struggle against the net.
The gnoll hits you with a +0 club. The gnoll barely misses you.
You struggle against the net.
The gnoll hits you with a +0 club. The gnoll hits you with a +0 whip.
* * * LOW HITPOINT WARNING * * *
You rip the net and break free!
The gnoll hits you with a +0 club.
* * * LOW HITPOINT WARNING * * *
The gnoll hits you with a +0 whip.
* * * LOW HITPOINT WARNING * * *
You hit the gnoll but do no damage. The gnoll closely misses you.
The gnoll hits you with a +0 whip.
* * * LOW HITPOINT WARNING * * *
You sock the gnoll!
The gnoll is severely wounded.
The gnoll hits you with a +0 club.
You die...

##.....## #.###.#
##.......## #..##.###.#
#.....<...####.........#
'.........'........#####
#.........####...#.##
##.......## #......#
##.....## #.##...#
##...## #.#....# ##+##
#.#@g..# #.#g##.#
#......# ##.#### #.# ..#
###


You could see 2 gnolls.

Vanquished Creatures
  A bat (D:1)
  2 endoplasms (D:1)
  2 giant cockroaches
  2 hobgoblins (D:1)
  3 kobolds (D:1)
  A quokka (D:1)
  2 ball pythons (D:1)
  2 goblins (D:1)
  A rat (D:1)
16 creatures vanquished.

Notes
Turn   | Place    | Note
-------+----------+-------------------------------------------
     0 | D:1      | bonegar the Troll Hedge Wizard began the quest for the Orb.
     0 | D:1      | Reached XP level 1. HP: 16/16 MP: 2/2
    81 | D:1      | Reached XP level 2. HP: 24/24 MP: 4/4
  1258 | D:2      | HP: 1/24 [gnoll/+0 whip (4)]
  1260 | D:2      | Slain by a gnoll

Illustrated notes

Levels and vault maps discovered:
D:1:      heliophobic_arrival_enchanted_forest, layout_basic
D:2:      layout_loops_corners, ebering_ecumenical_altar_mist, minivault_23,
          uniq_jessica

Action                   || total
-------------------------++-------
Melee: Dagger            ||    38
       Flail             ||     4
 Cast: Magic Dart        ||     7
  Use: Potion            ||     1
Armor: Robe              ||    13
Dodge: Dodged            ||    22
